 Dungeon Crawl Stone Soup version 0.31-a0-1612-g4aaf141 (webtiles) character file.

Game seed: 8280929203017865436

15465 Dorkslayer the Ducker (level 12, -6/80 HPs)
             Began as an Octopode Fighter on Jan 9, 2024.
             Was a High Priest of Dithmenos.
             Mangled by a sixfirhy (10 damage)
             ... summoned by a kobold demonologist
             ... on level 12 of the Dungeon.
             The game lasted 00:46:13 (11530 turns).

Dorkslayer the Ducker (Octopode Fighter)           Turns: 11530, Time: 00:46:14

Health: -6/80      AC:  1    Str: 20    XL:     12   Next: 27%
Magic:  19/19      EV: 16    Int: 14    God:    Dithmenos [*****.]
Gold:   1587       SH: 12    Dex: 14    Spells: 7/21 levels left

rFire   . . .        f - +6 short sword of Bankruptcy {drain, rPois Int+4}
rCold   + + .        p - +2 buckler {rC+}
rNeg    + + +        (helmet restricted)
rPois   +            l - amulet of reflection
rElec   .            h - ring of positive energy
rCorr   .            r - ring of protection from cold
SInv    .            w - ring of positive energy
Will    .....        c - ring of positive energy
Stlth   +++++++      v - ring of wizardry
HPRegen 0.33/turn    (no ring)
MPRegen 0.16/turn    (no ring)
                     (no ring)

%: random rage (3%), reflection, wizardry (x1)
@: on berserk cooldown, hasted and slowed, wreathed by umbra
A: almost no armour, amphibious, 8 rings, camouflage 1, gelatinous body 1,
(nimble swimmer 1), tentacles, berserk 1, strong 1
a: Renounce Religion, Shadow Step, Shadow Form


You were on level 12 of the Dungeon.
You worshipped Dithmenos.
Dithmenos was extremely pleased with you.
You visited 2 branches of the dungeon, and saw 13 of its levels.
You also visited: Bailey.

You collected 1587 gold pieces.

Inventory:

Hand Weapons
 a - a +0 long sword
 f - the +6 short sword of Bankruptcy (weapon) {drain, rPois Int+4}
   (You took it off an orc priest on level 6 of the Dungeon)

   Int+4:     It affects your intelligence (+4).
   rPois:     It protects you from poison
 u - a +2 long sword of holy wrath
 y - a +0 scimitar of flaming
Missiles
 n - a throwing net
 A - 15 boomerangs
 B - 3 javelins
Armour
 p - a +2 buckler of cold resistance (worn)
Jewellery
 c - a ring of positive energy (on tentacle)
 h - a ring of positive energy (left tentacle)
 l - an amulet of reflection (around mantle)
 r - a ring of protection from cold (right tentacle)
 t - an amulet of the acrobat
 v - a ring of wizardry (on tentacle)
 w - a ring of positive energy (on tentacle)
Talismans
 g - a blade talisman
Wands
 s - a wand of flame (20)
 D - a wand of roots (9)
 H - a wand of charming (2)
Scrolls
 i - a scroll of revelation
 k - 2 scrolls of fear
 m - 3 scrolls of teleportation
 o - 2 scrolls of fog
 z - a scroll of vulnerability
 I - 2 scrolls of identify
Potions
 d - 5 potions of attraction
 e - 4 potions of lignification
 j - 2 potions of mutation
 q - 4 potions of resistance
 x - 3 potions of brilliance
 C - a potion of berserk rage
 E - a potion of haste
 F - 2 potions of might
 G - 2 potions of cancellation


   Skills:
 * Level 6.6 Fighting
 + Level 5.6(6.5) Short Blades
 + Level 4.7(6.0) Long Blades
 + Level 5.9 Throwing
 * Level 7.6 Dodging
 + Level 6.5 Stealth
 + Level 5.7 Shields
 * Level 5.0 Spellcasting
 * Level 3.4 Conjurations
 + Level 3.0 Translocations
 * Level 2.1 Fire Magic
 * Level 2.5 Air Magic
 * Level 2.7 Alchemy
 * Level 6.4 Invocations
 * Level 3.6 Evocations
 * Level 5.8 Shapeshifting


You had 7 spell levels left.
You knew the following spells:

 Your Spells              Type           Power      Damage    Failure   Level
a - Blink                 Tloc           24%        N/A       3%          2
b - Iskenderun's Mystic   Conj/Tloc      12%        2d5       21%         4
c - Airstrike             Air            5%         2d(1-17)  28%         4
d - Ignite Poison         Fire/Alch      10%        N/A       28%         4

Your spell library contained the following spells:

 Spells                   Type           Power      Damage    Failure   Level
 Magic Dart               Conj           52%        1d5       1%          1
 Static Discharge         Conj/Air       22%        3-4/arc   3%          2
 Cigotuvi's Dreadful Rot  Necr/Alch/Air  16%        N/A       6%          2
 Sandblast                Erth           6%         2d5       9%          1
 Slow                     Hex            12%        N/A       9%          1
 Volatile Blastmotes      Fire/Tloc      20%        2d11      9%          3
 Call Imp                 Summ           6%         N/A       12%         2
 Stone Arrow              Conj/Erth      16%        3d8       12%         3
 Fulminant Prism          Conj/Alch      6%         3d7       22%         4
 Call Canine Familiar     Summ           3%         N/A       24%         3
 Confusing Touch          Hex            3%         N/A       24%         3
 Passwall                 Erth           3%         N/A       24%         3
 Sigil of Binding         Hex            3%         N/A       24%         3
 Vampiric Draining        Necr           3%         2d6       24%         3
 Brom's Barrelling Bould  Conj/Erth      8%         2d3       38%         4
 Dimensional Bullseye     Hex/Tloc       3%         N/A       38%         4
 Summon Lightning Spire   Summ/Air       7%         N/A       43%         4
 Arcjolt                  Conj/Air       5%         1d15      52%         5
 Freezing Cloud           Conj/Ice/Air   4%         6-21      65%         5


Dungeon Overview and Level Annotations

Branches:
Dungeon (12/15)            Temple (1/1) D:4            Lair (0/5) D:11
 Bailey (visited)
    Orc: D:9-12

Altars:
Ashenzari
Cheibriados
Dithmenos
Elyvilon
Fedhas
Gozag
Hepliaklqana
Kikubaaqudgha
Makhleb
Nemelex Xobeh
Okawaru
Qazlal
Ru
Sif Muna
Trog
Uskayaw
Vehumet
Wu Jian
Xom
Yredelemnul
Zin
The Shining One

Shops:
D:7 [   D:9 (


Innate Abilities, Weirdness & Mutations

You cannot wear most types of armour.
You are amphibious.
You can wear up to eight rings at the same time.
Your skin changes colour to match your surroundings (Stealth+).
Your rubbery body absorbs attacks. (AC +1, EV +1)
((You are camouflaged when in or above water. (Stealth+)))
You have tentacles for arms and can constrict up to eight enemies at once.
You sometimes lose your temper in combat.
Your muscles are strong. (Str +4, Int/Dex -1)


Message History

a yak corpse; a yak corpse You feel a strong urge to attack something.
You block the iron imp's attack.
Things that are here:
a +0 dagger; a yak corpse; a kobold corpse You puncture the iron imp!
You grab the iron imp.
The iron imp is almost dead.
You constrict the iron imp, but do no damage.
You puncture the iron imp!
You kill the iron imp!
The iron imp disappears in a puff of smoke!
Things that are here:
a +0 short sword; 2 poisoned darts You hit the sixfirhy.
Your grab misses the sixfirhy. Your squeeze misses the sixfirhy.
The sixfirhy is lightly wounded.
You puncture the sixfirhy! Your grab misses the sixfirhy.
The sixfirhy is moderately wounded.
You are no longer berserk.
You are exhausted.
You feel yourself slow down. You block the sixfirhy's attack.
The sixfirhy hits you. The sixfirhy shocks you!
You hit the sixfirhy. Your grab misses the sixfirhy.
The sixfirhy is moderately wounded.
The sixfirhy barely misses you. The sixfirhy hits you. The sixfirhy shocks you!
The sixfirhy barely misses you. You block the sixfirhy's attack.
You barely miss the sixfirhy. You grab the sixfirhy.
The sixfirhy is moderately wounded.
You constrict the sixfirhy. You block the sixfirhy's attack.
The sixfirhy hits you!
* * * LOW HITPOINT WARNING * * *
The sixfirhy shocks you!
* * * LOW HITPOINT WARNING * * *
The kobold demonologist gestures wildly while chanting.
You feel yourself speed up.
You constrict the sixfirhy.
You release your grip on the sixfirhy.
You block the sixfirhy's attack. x2
Things that are here:
a +0 dagger; a yak corpse; a kobold corpse The sixfirhy hits you!
You die...

####.# #.....
######..###
###..........
##...#<...######
#<>............
#.###.####.#.#
#.###.##...^.#
#@#...##.##.##
#3#.####.##.#
#)#.#....##.#
#3#.#.......####
#K#............#
##5####......##.#
###55...........# #
#...####K.......#.
#.#...............#


You could see a kobold demonologist, 2 sixfirhies, a crimson imp (summoned), a
shadow imp (summoned) and an ufetubus (summoned).

Vanquished Creatures
  Snorg (D:10)
  Erica (D:8)
  3 two-headed ogres
  The ghost of PidgeyThePirate the Cleaver, a novice DsCK of Xom (D:7)
  Sonja (D:10)
  Lodul (D:10)
  A deep elf pyromancer (D:9)
  An ugly thing (D:11)
  Maurice (D:9)
  Maggie (D:7)
  A kobold demonologist (D:12)
  A troll (D:10)
  A hornet (D:10)
  A shadow (D:10)
  A vampire (D:12)
  2 wyverns
  5 humans (D:6)
  13 yaks
  An acid dragon (D:11)
  A water moccasin (D:6)
  2 sky beasts
  4 orc warriors
  2 ice beasts
  2 centaurs
  10 ogres
  3 kobold brigands
  Blork the orc (D:5)
  6 bullfrogs
  2 scorpions (D:7)
  16 killer bees
  2 howler monkeys
  2 jellies
  13 orc priests
  2 bombardier beetles
  3 hounds
  3 iguanas
  A sleepcap (D:6)
  2 gnoll boudas
  Natasha (D:3)
  14 orc wizards
  17 gnolls
  11 adders
  3 shadow imps
  3 white imps
  2 ufetubi (D:6)
  3 dart slugs
  A ribbon worm (D:2)
  69 orcs
  5 endoplasms
  2 giant cockroaches
  9 goblins
  3 hobgoblins
  5 quokkas
  6 ball pythons
  9 bats
  4 frilled lizards
  13 kobolds
  3 rats
298 creatures vanquished.

Vanquished Creatures (collateral kills)
  The ghost of Superstore the Ruffian, a novice VSMo of Uskayaw (D:7)
1 creature vanquished.

Vanquished Creatures (others)
  An orc (D:9)
1 creature vanquished.

Grand Total: 300 creatures vanquished

Notes
Turn   | Place    | Note
-------+----------+-------------------------------------------
     0 | D:1      | Dorkslayer the Octopode Fighter began the quest for the
                  | Orb.
     0 | D:1      | Reached XP level 1. HP: 16/16 MP: 1/1
   294 | D:1      | Reached XP level 2. HP: 21/21 MP: 2/2
   512 | D:1      | Reached skill level 1 in Stealth
   891 | D:2      | Reached XP level 3. HP: 16/26 MP: 3/3
   971 | D:2      | Identified the +2 chain mail of the Skiapode {*Slow rCorr
                  | Int+3 SInv}
  1050 | D:2      | Found a faded altar of an unknown god.
  1368 | D:2      | Reached skill level 1 in Shapeshifting
  1531 | D:3      | Reached XP level 4. HP: 30/31 MP: 4/4
  1879 | D:3      | Noticed Natasha
  1887 | D:3      | Killed Natasha
  2004 | D:3      | Reached XP level 5. HP: 30/36 MP: 5/5
  2448 | D:4      | Reached skill level 1 in Throwing
  2455 | D:4      | Found a staircase to the Ecumenical Temple.
  2466 | Temple   | Entered the Ecumenical Temple
  2483 | Temple   | Became a worshipper of Dithmenos the Shadowed
  2507 | D:4      | Reached XP level 6. HP: 42/42 MP: 6/6
  2516 | D:4      | Found a radiant altar of Vehumet.
  2532 | D:4      | Reached skill level 4 in Dodging
  2660 | D:4      | Found a snail-covered altar of Cheibriados.
  3083 | D:4      | Learned a level 2 spell: Blink
  3187 | D:5      | Entered Level 5 of the Dungeon
  3286 | D:5      | Noticed Blork the orc
  3296 | D:5      | Killed Blork the orc
  3297 | D:5      | Reached skill level 1 in Invocations
  3297 | D:5      | Reached XP level 7. HP: 20/47 MP: 7/7
  3435 | D:5      | Identified a scroll of acquirement
  3435 | D:5      | Acquired 482 gold pieces
  3630 | D:5      | Gained mutation: You have an increased reservoir of magic.
                  | (+10% MP) [potion of mutation]
  3630 | D:5      | Gained mutation: You have a pair of small antennae on your
                  | head. [potion of mutation]
  3630 | D:5      | Gained mutation: You have hidden genetic defects. [potion
                  | of mutation]
  3630 | D:5      | Gained mutation: Your flesh is heat resistant. (rF+)
                  | [potion of mutation]
  3775 | D:5      | Found a sparkling altar of Nemelex Xobeh.
  3789 | D:5      | Reached skill level 1 in Spellcasting
  4030 | D:5      | Gained mutation: You occasionally shout uncontrollably at
                  | your foes. [hidden defects]
  4120 | D:5      | Reached * piety under Dithmenos
  4202 | D:6      | Reached skill level 1 in Translocations
  4204 | D:6      | Identified the +6 short sword of Bankruptcy {drain, rPois
                  | Int+4}
  4223 | D:6      | Reached XP level 8. HP: 33/52 MP: 9/11
  4230 | D:6      | Gained mutation: Your body sometimes deteriorates upon
                  | taking damage. [hidden defects]
  4230 | D:6      | Lost mutation: You have hidden genetic defects. [hidden
                  | defects expressed]
  4894 | D:6      | Reached skill level 1 in Short Blades
  4894 | D:6      | Reached skill level 5 in Dodging
  4894 | D:6      | Reached XP level 9. HP: 52/59 MP: 13/13
  5025 | D:6      | Identified the +0 leather armour of Relativism {rN+ Slay+3}
  5216 | D:6      | Reached ** piety under Dithmenos
  5973 | D:7      | Noticed Maggie
  5986 | D:7      | Killed Maggie
  5987 | D:7      | Reached skill level 5 in Fighting
  5987 | D:7      | Reached skill level 6 in Dodging
  6008 | D:7      | Found a runed translucent gate.
  6009 | D:7      | Found a runed translucent gate.
  6037 | D:7      | Found a runed translucent gate.
  6037 | D:7      | Noticed PidgeyThePirate's ghost (novice DsCK)
  6038 | D:7      | Noticed Superstore's ghost (novice VSMo)
  6046 | D:7      | Found Hotam's Armour Shop.
  6215 | D:7      | Found an ornate altar of the Wu Jian Council.
  6285 | D:7      | Got Sif Muna's Treatise on Geological Weather
  6307 | D:7      | Found a basalt altar of Yredelemnul.
  6355 | D:7      | Reached XP level 10. HP: 66/66 MP: 16/16
  6535 | D:7      | Killed Superstore's ghost
  6545 | D:7      | Killed PidgeyThePirate's ghost
  6551 | D:7      | Learned a level 4 spell: Iskenderun's Mystic Blast
  6718 | D:8      | Noticed Erica
  6728 | D:8      | Killed Erica
  6729 | D:8      | Reached skill level 5 in Throwing
  6981 | D:8      | Reached *** piety under Dithmenos
  7002 | D:8      | Lost mutation: Your body sometimes deteriorates upon taking
                  | damage. [potion of mutation]
  7002 | D:8      | Lost mutation: You have an increased reservoir of magic.
                  | (+10% MP) [potion of mutation]
  7002 | D:8      | Lost mutation: You occasionally shout uncontrollably at
                  | your foes. [potion of mutation]
  7002 | D:8      | Gained mutation: You are weak. (Str -2) [potion of
                  | mutation]
  7002 | D:8      | Gained mutation: You are somewhat resistant to further
                  | mutation. [potion of mutation]
  7033 | D:8      | Found a glowing golden altar of the Shining One.
  7343 | D:8      | Reached skill level 5 in Invocations
  7865 | D:8      | Reached skill level 5 in Shapeshifting
  7889 | D:8      | Reached skill level 5 in Shields
  8037 | D:8      | Learned a level 4 spell: Airstrike
  8042 | D:8      | Learned a level 4 spell: Ignite Poison
  8045 | D:9      | You fall into a shaft and drop 1 floor!
  8045 | D:10     | Entered Level 10 of the Dungeon
  8046 | D:10     | Found a bloodstained altar of Trog.
  8062 | D:10     | Found a flagged portal.
  8085 | Bailey   | Entered a bailey
  8216 | Bailey   | Reached skill level 5 in Stealth
  8361 | Bailey   | Reached XP level 11. HP: 72/72 MP: 17/17
  8392 | Bailey   | Reached **** piety under Dithmenos
  8418 | Bailey   | Lost mutation: You are somewhat resistant to further
                  | mutation. [potion of mutation]
  8418 | Bailey   | Lost mutation: You have a pair of small antennae on your
                  | head. [potion of mutation]
  8419 | Bailey   | Lost mutation: You are weak. (Str -2) [potion of mutation]
  8419 | Bailey   | Lost mutation: Your flesh is heat resistant. (rF+) [potion
                  | of mutation]
  8419 | Bailey   | Gained mutation: Your muscles are strong. (Str +4, Int/Dex
                  | -1) [potion of mutation]
  8419 | Bailey   | Gained mutation: You are frail. (-10% HP) [potion of
                  | mutation]
  8419 | Bailey   | Gained mutation: You are dopey. (Int -2) [potion of
                  | mutation]
  8420 | Bailey   | Lost mutation: You are dopey. (Int -2) [potion of mutation]
  8420 | Bailey   | Lost mutation: You are frail. (-10% HP) [potion of
                  | mutation]
  8420 | Bailey   | Gained mutation: You sometimes lose your temper in combat.
                  | [potion of mutation]
  8567 | D:9      | Reached skill level 1 in Evocations
  8592 | D:9      | Noticed Maurice
  8596 | D:9      | Reached skill level 7 in Dodging
  8612 | D:9      | Killed Maurice
  8811 | D:9      | Reached skill level 1 in Conjurations
  8957 | D:9      | Found Ikkoic's Antique Weapon Shop.
  9159 | D:9      | Noticed a deep elf pyromancer
  9167 | D:9      | Killed a deep elf pyromancer
  9407 | D:10     | Noticed Lodul
  9424 | D:10     | Killed Lodul
  9617 | D:10     | Reached skill level 5 in Short Blades
  9622 | D:10     | Noticed a two-headed ogre
  9628 | D:10     | Killed a two-headed ogre
  9629 | D:10     | Reached skill level 1 in Alchemy
  9652 | D:10     | Reached skill level 1 in Air Magic
  9678 | D:10     | Noticed Sonja
  9695 | D:10     | Reached skill level 1 in Fire Magic
  9700 | D:10     | Reached ***** piety under Dithmenos
  9714 | D:10     | Killed Sonja
  9816 | D:10     | Found an ancient bone altar of Kikubaaqudgha.
 10078 | D:10     | Noticed Snorg
 10097 | D:10     | Killed Snorg
 10512 | D:11     | Noticed a two-headed ogre
 10516 | D:11     | Killed a two-headed ogre
 10517 | D:11     | Reached XP level 12. HP: 57/80 MP: 19/19
 10592 | D:11     | Found a shimmering blue altar of Sif Muna.
 10766 | D:11     | Noticed a two-headed ogre
 10774 | D:11     | Killed a two-headed ogre
 11306 | D:11     | Found a staircase to the Lair.
 11436 | D:12     | Found a shimmering altar of Xom.
 11464 | D:12     | Found a shimmering altar of Xom.
 11464 | D:12     | Found a shimmering altar of Xom.
 11465 | D:12     | Found a shimmering altar of Xom.
 11467 | D:12     | Found a shimmering altar of Xom.
 11468 | D:12     | Found a shimmering altar of Xom.
 11468 | D:12     | Found a shimmering altar of Xom.
 11497 | D:12     | Reached skill level 5 in Spellcasting
 11527 | D:12     | HP: 3/80 [sixfirhy[a kobold demonologist] (10)]
 11530 | D:12     | Mangled by a sixfirhy

Illustrated notes

Levels and vault maps discovered:
D:1:      dpeg_arrival_simpleton_b, layout_loops_ring
D:2:      layout_loops_cross, shapermc_ecumenical_altar_gd
D:3:      layout_loops_cross, uniq_natasha
D:4:      layout_loops_cross, mainiacjoe_overflow_tiny_flanked,
          lemuel_crystal_altar, minmay_temple_entry_grid, fountainhead,
          minmay_misc_feat_x
D:5:      layout_basic, nemelex_dance_club_becter,
          minmay_misc_feat_secret_circle, minivault_11, grunt_decor_cap,
          uniq_blork_the_orc
D:6:      hangedman_cross_stitches, layout_basic, minmay_ruffians
D:7:      layout_rooms, mainiacjoe_overflow_24_doors, marbit_many_paths,
          gammafunk_ghost_cemetery, nicolae_take_the_stairs, uniq_maggie
D:8:      layout_loops_cross, amcnicky_altar_gilded, uniq_erica
D:9:      layout_loops_ring, serial_shops, shop, special_room
          [special_room_orc], uniq_maurice
D:10:     layout_small_grid, kiku_gazebo_pond_becter, lemuel_tele_altar,
          enter_bailey_5, grunt_ministairs_5, minmay_misc_feat_tower,
          nrook_mini_backslash, uniq_lodul, uniq_sonja, uniq_snorg
D:11:     layout_loops_ring, lair_entry_dummy, nicolae_sif_muna_condensation
D:12:     layout_basic, kennysheep_orc_monster_closet_entryway,
          nicolae_xom_altar_mimics
Temple:   zaba_magenta_temple

Skill      XL: |  1  2  3  4  5  6  7  8  9 10 11 12 |
---------------+-------------------------------------+-----
Stealth        | 1 2 3 4 5 6 |  6.5
Shapeshifting  | 1 2 3 4 5 |  5.8
Long Blades    | 3 4 |  4.7
Throwing       | 1 2 3 4 5 |  5.9
Dodging        | 4 5 6 7 |  7.6
Invocations    | 1 3 4 5 6 |  6.4
Spellcasting   | 1 2 3 4 5 |  5.0
Translocations | 1 2 3 |  3.0
Fighting       | 4 5 6 |  6.6
Short Blades   | 1 3 4 5 |  5.6
Shields        | 4 5 |  5.7
Evocations     | 3 |  3.6
Conjurations   | 2 3 |  3.4
Alchemy        | 2 |  2.7
Air Magic      | 1 2 |  2.5
Fire Magic     | 1 2 |  2.1

Action                     |  1- 3 |  4- 6 |  7- 9 | 10-12 || total
---------------------------+-------+-------+-------+-------++-------
  Melee: Long sword        |    64 |    77 |    59 |    19 ||   219
         Tentacles         |     8 |    17 |    71 |    84 ||   180
         Constrict         |    16 |    21 |    50 |    50 ||   137
         Punch             |       |     2 |       |     5 ||     7
         Short sword       |       |       |   166 |   333 ||   499
  Throw: Javelin           |       |    21 |    12 |    13 ||    46
         Dart              |       |       |       |     9 ||     9
         Boomerang         |       |       |       |     3 ||     3
  Evoke: Wand              |       |       |       |    34 ||    34
    Use: Scroll            |       |     4 |    11 |     8 ||    23
         Potion            |       |     1 |     9 |     8 ||    18
   Stab: Sleeping          |    12 |     8 |     5 |    24 ||    49
 Armour: Skin              |    28 |    36 |    87 |    86 ||   237
  Dodge: Dodged            |    39 |    53 |   143 |   120 ||   355
  Block: Buckler           |    10 |    21 |   111 |   150 ||   292
         Reflection        |       |       |     2 |    12 ||    14

Table legend: (Time is in decaauts)
 A = Elapsed time spent in this place.
 B = Non-inter-level travel time spent in this place.
 C = Inter-level travel time spent in this place.
 D = Time resting spent in this place.
 E = Time spent auto-exploring this place.
 F = Levels seen in this place.
 G = Mean time per level.
                   A        B        C        D        E       F      G
               +--------+--------+--------+--------+--------+-----+--------+
         Total |  11502 |  11438 |     64 |   1351 |   5404 |  14 |  821.6 |
       Dungeon |  11132 |  11068 |     64 |   1276 |   5404 |  12 |  927.7 |
        Temple |     34 |     34 |      0 |      0 |      0 |   1 |   34.0 |
        Bailey |    334 |    334 |      0 |     75 |      0 |   1 |  334.0 |
               +--------+--------+--------+--------+--------+-----+--------+

Top non-repeatable levels by time:
     D:6: 1365 daAuts
     D:8: 1327 daAuts
     D:5: 1301 daAuts
    D:10: 1142 daAuts
     D:3: 938 daAuts
     D:9: 918 daAuts
    D:11: 910 daAuts
     D:2: 829 daAuts
     D:4: 818 daAuts
     D:7: 806 daAuts
     D:1: 685 daAuts
  Bailey: 334 daAuts
    D:12: 87 daAuts
  Temple: 34 daAuts
